 Dungeon Crawl Stone Soup version 0.18-a0-1800-gdc7a371 (webtiles) character file.

25683 ryw the Basher (level 12, -1/94 HPs)
             Began as a Demigod Monk on Apr 24, 2016.
             Slain by a yak (7 damage)
             ... on level 3 of the Lair of Beasts.
             The game lasted 00:48:53 (19762 turns).

ryw the Basher (Demigod Monk)                      Turns: 19762, Time: 00:48:54

Health: -1/94      AC: 10    Str: 20    XL:     12   Next: 55%
Magic:  0/22       EV:  2    Int: 21    God:
Gold:   752        SH:  0    Dex: 22    Spells: 4 memorised, 9 levels left

rFire  + + .     SeeInvis +     w - +10 mace "Joklitat" {holy, rPois Dex+4 SInv}
rCold  . . .     Gourm    .     S - +2 robe {rF+}
rNeg   + + +     Faith    .     p - +0 buckler
rPois  ∞         Spirit   +     x - +0 helmet
rElec  .         Dismiss  .     J - +2 cloak {rF+}
rCorr  .         Reflect  .     (no gloves)
SustAt +         Harm     .     r - +1 pair of boots
MR     +....                    N - amulet of guardian spirit
Stlth  +++.......               Y - +5 ring of intelligence
                                l - ring of positive energy

@: petrified, somewhat resistant to hostile enchantments, fairly stealthy
A: high mp 1, sustain attributes
a: no special abilities


You were on level 3 of the Lair of Beasts.
You were not hungry.

You visited 2 branches of the dungeon, and saw 12 of its levels.
You also visited: Volcano.

You collected 752 gold pieces.

Inventory:

Hand Weapons
 i - a +2 greatsling of flaming
 w - the +10 mace "Joklitat" (weapon) {holy, rPois Dex+4 SInv}
   (You took it off Robin on level 4 of the Dungeon)

   It has been blessed by the Shining One to cause great damage to the undead
   and demons.
   It affects your dexterity (+4).
   It protects you from poison.
   It lets you see invisible.
Missiles
 K - 5 javelins (quivered)
Armour
 p - a +0 buckler (worn)
 r - a +1 pair of boots (worn)
 x - a +0 helmet (worn)
 J - a +2 cloak of fire resistance (worn)
 S - a +2 robe of fire resistance (worn)
Jewellery
 l - a ring of positive energy (left hand)
 m - an uncursed ring of stealth
 s - an uncursed amulet of magic regeneration
 N - an amulet of guardian spirit (around neck)
 Y - a +5 ring of intelligence (right hand)
Wands
 u - a wand of random effects (27/48)
 y - a wand of lightning (14/15)
 C - a wand of lightning (3/15)
 E - a wand of polymorph (0/24)
 O - a wand of polymorph (9/24)
 U - a wand of digging (15/24)
 W - a wand of hasting (7/9)
 X - a wand of flame (36/48)
 Z - a wand of paralysis (10/24)
Scrolls
 a - 4 scrolls of recharging
 h - 3 scrolls of amnesia {unknown}
 k - 7 scrolls of remove curse
 n - 3 scrolls of enchant armour
 q - 11 scrolls of identify
 t - 6 scrolls of teleportation {unknown}
 v - a scroll of noise {unknown}
 D - 3 scrolls of random uselessness {unknown}
 L - a scroll of fog
 P - 2 scrolls of enchant weapon {unknown}
 V - a scroll of silence {unknown}
Potions
 c - a potion of invisibility {unknown}
 e - 3 potions of degeneration
 g - 3 potions of flight
 A - 2 potions of might
 B - 2 potions of agility
 F - 2 potions of haste {unknown}
 G - 3 potions of resistance
 M - 2 potions of berserk rage
 T - 2 potions of curing {unknown}
Books
 d - a book of Frost

   Spells                             Type                      Level
   a - Freeze                         Ice                          1
   b - Throw Frost                    Conjuration/Ice              2
   c - Ozocubu's Armour               Charms/Ice                   3
   d - Throw Icicle                   Conjuration/Ice              4
   e - Summon Ice Beast               Ice/Summoning                4
 H - a book of Annihilations

   Spells                             Type                      Level
   a - Poison Arrow                   Conjuration/Poison           6
   b - Chain Lightning                Conjuration/Air              8
   c - Lehudib's Crystal Spear        Conjuration/Earth            8
   d - Glaciate                       Conjuration/Ice              9
   e - Fire Storm                     Conjuration/Fire             9
Comestibles
 b - 8 bread rations
 f - 5 beef jerkies
 j - 11 slices of pizza
 o - 12 fruits
 z - 2 meat rations
 I - 2 chunks of flesh
 Q - a royal jelly


   Skills:
 - Level 5.3 Fighting
 - Level 13.7 Maces & Flails
 - Level 3.1 Throwing
 + Level 7.8 Dodging
 + Level 3.9 Stealth
 + Level 3.9 Shields
 - Level 5.9 Unarmed Combat
 - Level 4.1 Spellcasting
 * Level 7.1 Ice Magic


You had 9 spell levels left.
You knew the following spells:

 Your Spells              Type           Power        Failure   Level  Hunger
a - Freeze                Ice            ####         1%          1    None
b - Throw Frost           Conj/Ice       ###...       4%          2    #......
c - Ozocubu's Armour      Chrm/Ice       ###.....     10%         3    ###....
d - Summon Ice Beast      Ice/Summ       ###.....     28%         4    ####...


Dungeon Overview and Level Annotations

Branches:
Dungeon (9/15)             Temple (0/1) D:4            Lair (3/8) D:8
  Swamp: Lair:3-6    Shoals: Lair:3-6     Snake: Lair:3-6    Spider: Lair:3-6
    Orc: D:9-12

Shops:
D:4 }   D:6 }

Annotations:
D:5 Pikel
Lair:3 exclusion: 2 oklob plants


Innate Abilities, Weirdness & Mutations

You have an increased reservoir of magic (+10% MP).
Your attributes are resistant to harm.


Message History

The basilisk gazes at you.
Your ice beast is moving more slowly.
Your ice beast hits the basilisk.
Your ice beast freezes the basilisk.
The yak gores your ice beast!
Your ice beast dies!
You have turned to stone.
The basilisk gazes at you.
You easily resist.
The basilisk bites you.
* * * LOW HITPOINT WARNING * * *
The basilisk bites you!
* * * LOW HITPOINT WARNING * * *
The basilisk gazes at you.
You easily resist.
The yak gores you but does no damage. The yak gores you but does no damage.
The basilisk bites you.
* * * LOW HITPOINT WARNING * * *
The yak gores you!
* * * LOW HITPOINT WARNING * * *
The yak gores you!
You die...

###...###...................####P
##....# ##.................[# #P
###...# #..................##
.##...# #...................#
###...# ##......[...........## ##
......###....................###.
...#..........YY.......[.....##..
#............YYlYY...............
#....Y.......###@................
....#YY##..Y...#Y..........###...
.#.....#.........[..####....#....
..#..#.†##).........####...##....
Y.#..#..##.%.........##P...###...
.Y.....###...##.....####...#.#...
YY#......#...##.....###..........
.Y#..#.P#...####....##...........
.....#.##...####.....##..........


You could see 3 death yaks, 4 yaks and a basilisk.

Vanquished Creatures
  A fire dragon (Volcano)
  4 hydras
  Erolcha (D:9)
  A catoblepas (Lair:3)
  2 death yaks
  A griffon (Lair:2)
  A salamander (Volcano)
  2 centaur zombies (D:9)
  A black mamba (Lair:3)
  Psyche (D:8)
  5 spiny frogs (Lair:2)
  A rime drake (Lair:3)
  2 komodo dragons (Lair:2)
  6 two-headed ogres (Volcano)
  12 blink frogs
  A polar bear (Lair:2)
  Prince Ribbit (D:7)
  8 wyverns
  9 yaks
  A human (D:7)
  7 fire bats (Volcano)
  A hog (D:7)
  3 hippogriffs
  A hungry ghost (D:9)
  A steam dragon (Volcano)
  A mottled dragon (Volcano)
  4 water moccasins
  Menkaure (D:5)
  5 porcupines
  2 hell hounds (Lair:1)
  4 orc warriors
  3 black bears
  A wasp (Lair:2)
  2 ice beasts
  4 ogres (Volcano)
  4 wolves (Lair:3)
  2 centaurs
  11 crocodiles
  Blork the orc (D:5)
  2 big kobolds
  14 giant frogs
  A gnoll sergeant (D:9)
  8 scorpions
  9 killer bees
  An electric eel (Lair:2)
  4 crimson imps
  A giant frog zombie (D:9)
  A quasit (D:7)
  7 hounds
  6 orc priests
  A centaur skeleton (D:4)
  3 giant frog skeletons
  5 iguanas
  7 worker ants
  6 orc wizards
  7 sheep
  A hound zombie (D:5)
  A hound skeleton (D:8)
  Robin (D:4)
  5 gnolls (D:9)
  11 adders
  7 river rats (Lair:3)
  A shadow imp (D:9)
  An ooze (D:3)
  An adder zombie (D:9)
  2 adder skeletons
  A worm (D:4)
  3 dart slugs
  10 giant geckos
  46 orcs
  10 giant cockroaches
  17 goblins
  11 hobgoblins
  3 jackals (D:9)
  5 quokkas
  2 ball pythons (D:1)
  9 bats
  A giant gecko skeleton (D:4)
  7 giant newts
  12 kobolds
  35 rats
405 creatures vanquished.

Vanquished Creatures (others)
  A wyvern (Volcano)
  A mottled dragon (Volcano)
  5 fungi
  62 plants
69 creatures vanquished.

Grand Total: 474 creatures vanquished

Notes
Turn   | Place    | Note
--------------------------------------------------------------
     0 | D:1      | ryw the Demigod Monk began the quest for the Orb.
     0 | D:1      | Reached XP level 1. HP: 18/18 MP: 3/3
   473 | D:1      | Reached XP level 2. HP: 18/25 MP: 4/4
  1054 | D:2      | Reached XP level 3. HP: 26/31 MP: 5/5
  1109 | D:2      | Found a sparkling altar of Nemelex Xobeh.
  1726 | D:2      | Reached XP level 4. HP: 34/38 MP: 6/6
  2150 | D:3      | Found a faded altar to an unknown god.
  2405 | D:3      | Reached skill level 5 in Unarmed Combat
  2664 | D:3      | Found a burning altar of Makhleb.
  2691 | D:3      | Found a white marble altar of Elyvilon.
  2713 | D:3      | Reached XP level 5. HP: 25/45 MP: 7/7
  3600 | D:4      | Found Dihete Mecue's Gadget Shop.
  3614 | D:4      | Noticed Robin
  4126 | D:4      | Found an oddly glowing altar of Pakellas.
  4157 | D:4      | Reached XP level 6. HP: 51/51 MP: 8/8
  4305 | D:4      | Found a staircase to the Ecumenical Temple.
  4470 | D:4      | Killed Robin
  4485 | D:4      | Got a crude mace {holy}
  4488 | D:4      | Identified the +10 mace "Joklitat" {holy, rPois Dex+4 SInv} (You took it off Robin on level 4 of the Dungeon)
  4815 | D:5      | Entered Level 5 of the Dungeon
  4853 | D:5      | Reached skill level 1 in Maces & Flails
  4910 | D:5      | Noticed a water moccasin
  4925 | D:5      | Killed a water moccasin
  4925 | D:5      | Reached XP level 7. HP: 26/60 MP: 9/9
  5112 | D:5      | Found a glowing silver altar of Zin.
  5187 | D:5      | Found a shadowy altar of Dithmenos.
  5225 | D:5      | Reached skill level 2 in Maces & Flails
  5258 | D:5      | Noticed Menkaure
  5259 | D:5      | Reached skill level 5 in Dodging
  5265 | D:5      | Killed Menkaure
  5560 | D:5      | Noticed Pikel
  5626 | D:5      | Reached skill level 5 in Fighting
  5702 | D:5      | Noticed Blork the orc
  5711 | D:5      | Killed Blork the orc
  6122 | D:5      | Reached skill level 3 in Maces & Flails
  6148 | D:6      | Found Zetsu's Gadget Shop.
  6168 | D:6      | Reached XP level 8. HP: 53/68 MP: 10/10
  6434 | D:6      | Found an opulent altar of Gozag.
  6478 | D:6      | Found a snail-covered altar of Cheibriados.
  6643 | D:6      | Found a sacrificial altar of Ru.
  6906 | D:7      | Reached skill level 4 in Maces & Flails
  6992 | D:7      | Noticed Prince Ribbit
  7022 | D:7      | Killed Prince Ribbit
  7022 | D:7      | Reached skill level 5 in Maces & Flails
  7222 | D:7      | Found a stormy altar of Qazlal.
  7291 | D:7      | Found a burning altar of Makhleb.
  7531 | D:7      | Reached skill level 6 in Maces & Flails
  7531 | D:7      | Reached XP level 9. HP: 61/74 MP: 11/11
  7819 | D:8      | Found a staircase to the Lair.
  7897 | D:8      | Reached skill level 7 in Maces & Flails
  8238 | D:8      | Reached skill level 1 in Throwing
  8335 | D:8      | Noticed Psyche
  8340 | D:8      | Killed Psyche
  8340 | D:8      | Reached skill level 8 in Maces & Flails
  8803 | D:9      | Noticed Erolcha
  8824 | D:9      | Killed Erolcha
  8848 | D:9      | Reached skill level 9 in Maces & Flails
  8864 | D:9      | Reached XP level 10. HP: 66/81 MP: 13/13
  9242 | D:9      | Reached skill level 10 in Maces & Flails
  9687 | Lair:1   | Entered Level 1 of the Lair of Beasts
  9914 | Lair:1   | Reached skill level 11 in Maces & Flails
 10148 | Lair:1   | Found a dark tunnel.
 10154 | Volcano  | Entered a volcano
 10577 | Volcano  | Noticed a salamander
 10606 | Volcano  | Killed a salamander
 10815 | Volcano  | Reached skill level 12 in Maces & Flails
 11089 | Volcano  | Reached XP level 11. HP: 70/88 MP: 14/14
 11923 | Volcano  | Noticed a fire dragon
 11961 | Volcano  | Killed a fire dragon
 11961 | Volcano  | Reached skill level 13 in Maces & Flails
 13352 | D:8      | Learned a level 1 spell: Freeze
 13371 | Lair:1   | Noticed a four-headed hydra
 13408 | D:8      | Reached skill level 1 in Ice Magic
 13650 | Lair:1   | Reached skill level 1 in Spellcasting
 13670 | Lair:1   | Killed a four-headed hydra
 14322 | Lair:2   | Learned a level 2 spell: Throw Frost
 14326 | Lair:2   | Learned a level 3 spell: Ozocubu's Armour
 14331 | Lair:2   | Learned a level 4 spell: Summon Ice Beast
 14905 | Lair:2   | Reached skill level 1 in Shields
 15335 | Lair:2   | Noticed a four-headed hydra
 15537 | Lair:2   | Noticed a five-headed hydra
 15546 | Lair:2   | Killed a five-headed hydra
 15546 | Lair:2   | Reached skill level 5 in Ice Magic
 15546 | Lair:2   | Reached XP level 12. HP: 38/94 MP: 20/20
 16039 | Lair:2   | Killed a four-headed hydra
 16553 | Lair:3   | Noticed an eight-headed hydra
 16795 | Lair:3   | Noticed a four-headed hydra
 16797 | Lair:3   | Noticed an eight-headed hydra
 18899 | Lair:3   | Killed a four-headed hydra
 19519 | Lair:3   | Noticed a catoblepas
 19553 | Lair:3   | Killed a catoblepas
 19762 | Lair:3   | Slain by a yak

Vault maps used:
D:1:      scummos_arrival_star, fountainhead, minivault_11,
          hangedman_decor_riveting
D:2:      nemelex_xobeh_ov_fountains_minmay, minmay_rats_cheesy_pizza
D:3:      lightli_temple_of_fire, ecumenical_altar_2, elyvilon_altar_5
D:4:      corexii_shack_village, lemuel_crystal_altar,
          minmay_temple_entry_purple_smoke, serial_shops, shop_coins, uniq_robin
D:5:      lemuel_coloured_pillars_altar, lemuel_round_altar, first_bread,
          uniq_menkaure, uniq_blork_the_orc, uniq_pikel
D:6:      lemuel_doored_altar, kennysheep_little_box, serial_shops,
          nicolae_shop_statue_plus, nicolae_ru_awakened_eye
D:7:      lemuel_round_altar, grunt_livestock, serial_bayou_pond_a,
          makhleb_heckhound_becter, uniq_prince_ribbit1
D:8:      lair_0_dummy, uniq_psyche
D:9:      uniq_erolcha
Lair:1:   enter_volcano_3, infiniplex_staircase_pool, lemuel_fruit_fields,
          serial_bayou_shore_b, lemuel_fruit_tree, serial_bayou_shore_b
Lair:2:   serial_bayou_shore_a
Lair:3:   dpeg_oklob_gauntlet, grunt_megastairs_2
Volcano:  pf_volcano_lost_world

Skill      XL: |  1  2  3  4  5  6  7  8  9 10 11 12 |
---------------+-------------------------------------+-----
Unarmed Combat | 4 5 |  5.9
Dodging        | 3 4 5 7 |  7.8
Fighting       | 3 4 5 |  5.3
Maces & Flails | 1 3 6 9 12 13 | 13.7
Stealth        | 2 3 |  3.9
Throwing       | 3 |  3.1
Ice Magic      | 5 7 |  7.1
Spellcasting   | 3 4 |  4.1
Shields        | 1 3 |  3.9

Action                   |  1- 3 |  4- 6 |  7- 9 | 10-12 || total
-------------------------+-------+-------+-------+-------++-------
Melee: Unarmed           |   130 |   257 |       |       ||   387
       Punch             |     1 |     1 |       |       ||     2
       Mace              |       |    28 |   306 |   764 ||  1098
Throw: Javelin           |       |       |       |    23 ||    23
 Cast: Summon Ice Beast  |       |       |       |     4 ||     4
Evoke: Wand              |       |       |       |     5 ||     5
  Use: Scroll            |       |       |     6 |     1 ||     7
       Potion            |       |       |       |    10 ||    10
 Stab: Sleeping          |     9 |     7 |    13 |     2 ||    31
       Distracted        |     1 |     2 |       |     3 ||     6
  Eat: Chunk             |     3 |    10 |    13 |    31 ||    57
       Fruit             |       |       |       |     3 ||     3
       Royal jelly       |       |       |       |     1 ||     1
       Pizza             |       |       |       |     1 ||     1
Armor: Robe              |    19 |    37 |    13 |    89 ||   158
       Scale mail        |       |       |    60 |   109 ||   169
Dodge: Dodged            |    81 |   138 |   220 |   571 ||  1010
Block: Buckler           |       |    32 |    70 |   175 ||   277
